 Dungeon Crawl Stone Soup version 0.28-a0-1616-g050a50673c (console) character file.

Game seed: 13452548561694556099

13038 Melian the Warrior (level 11, 0/114 HPs)
             Began as a Minotaur Berserker on Jan 22, 2022.
             Was a High Priest of Trog.
             Slain by Erica (14 damage)
             ... on level 11 of the Dungeon on Jan 23, 2022.
             The game lasted 00:44:56 (11895 turns).

Melian the Warrior (Minotaur Berserker)            Turns: 11895, Time: 00:44:57

Health: 0/114      AC:  0    Str: 27    XL:     11   Next: 70%
Magic:  10/10      EV: 19    Int:  4    God:    Trog [*****.]
Gold:   419        SH:  0    Dex: 14    Spells: 10/10 levels left

rFire   . . .      SeeInvis .   (weapon currently unavailable)
rCold   . . .      Faith    .   (shield currently unavailable)
rNeg    . . .      Spirit   .   (armour currently unavailable)
rPois   .          Reflect  .   (helmet currently unavailable)
rElec   .          Harm     .   (cloak currently unavailable)
rCorr   .          Rampage  .   (gloves currently unavailable)
Will    .....      Clarity  +   (boots currently unavailable)
Stlth   +.........              (no amulet)
HPRegen 0.29/turn               (ring currently unavailable)
MPRegen 0.12/turn               (ring currently unavailable)

@: bat-form (expiring), flying, slowed, studying Throwing, quick
A: fast, flying, no casting, tiny, (horns 2), (retaliatory headbutt), (large
bone plates 1), clarity
a: Renounce Religion, Berserk, Trog's Hand, Brothers in Arms


You were on level 11 of the Dungeon.
You worshipped Trog.
Trog was extremely pleased with you.
You were a bat.
You visited 2 branches of the dungeon, and saw 12 of its levels.
You also visited: Sewer.

You collected 419 gold pieces.

Inventory:

Hand Weapons
 a - a +1 war axe of venom
 m - a +4 hand axe of freezing
 q - a +3 battleaxe (melded)
Missiles
 j - 4 throwing nets (quivered)
 A - a silver boomerang
Armour
 h - a +0 plate armour (melded)
 o - a +2 leather armour of cold resistance
 t - the +2 leather armour of Valiance {Fly Regen+}
   (You found it on level 4 of the Dungeon)

   Fly:       It grants you flight.
   Regen:     It increases your rate of health regeneration.
 y - a +0 buckler
 D - a +1 pair of boots (melded)
Jewellery
 p - a +4 ring of evasion (melded)
 s - a +4 ring of evasion (melded)
 C - a ring of willpower
Wands
 n - a wand of acid (4)
 w - a wand of flame (12)
 E - a wand of paralysis (3)
 H - a wand of polymorph (2)
Scrolls
 b - a scroll of fog
 c - 7 scrolls of teleportation
 e - 4 scrolls of blinking
 f - 2 scrolls of identify
 g - 5 scrolls of noise
 k - a scroll of torment
 r - a scroll of brand weapon {unknown}
Potions
 d - 6 potions of curing
 i - 4 potions of mutation
 u - a potion of attraction
 x - a potion of flight
 z - 2 potions of heal wounds
 B - 3 potions of might
 G - a potion of cancellation
Miscellaneous
 v - a condenser vane


   Skills:
 + Level 16.0 Fighting
 + Level 16.0 Axes
 - Level 2.7 Armour
 - Level 2.4 Dodging


You had 10 spell levels left.
You didn't know any spells.
Your spell library was empty.

Dungeon Overview and Level Annotations

Branches:
Dungeon (11/15)            Temple (1/1) D:5            Lair (0/6) D:10
  Sewer (visited)
    Orc: D:9-12

Altars:
Ashenzari
Cheibriados
Dithmenos
Elyvilon
Fedhas
Gozag
Hepliaklqana
Kikubaaqudgha
Makhleb
Nemelex Xobeh
Okawaru
Qazlal
Ru
Sif Muna
Trog
Uskayaw
Vehumet
Wu Jian
Xom
Yredelemnul
Zin
The Shining One

Shops:
D:3 (   D:4 =   D:5 [

Annotations:
D:10 exclusion: 2 oklob plants
D:11 Erica


Innate Abilities, Weirdness & Mutations

You are a bat.
You are tiny and dextrous.
You move quickly.
You are flying.
Your equipment is almost entirely melded.
You are incapable of wielding weapons or throwing items.
You cannot cast spells.
((You have a pair of horns on your head.))
((You reflexively headbutt those who attack you in melee.))
((You are partially covered in large bone plates. (SH +4)))
You possess an exceptional clarity of mind.


Message History

You hit something.
You hear some strange, mumbled words.
Something tries to affect you, but you resist.
You hit something. Something closely misses you.
You hit something. You hit something but do no damage.
You hear some strange, mumbled words.
A bolt of poison appears from out of thin air!
The bolt of poison misses you.
You hit something.
You hear some strange, mumbled words.
You feel momentarily confused.
You hit something.
Your ogre rages.
You hear some strange, mumbled words.
Something tries to affect you, but you resist.
You hit something.
Your ogre rages.
Something hits you! Something burns you. Something hits you.
Something burns you.
You barely miss something. Something hits you! Something burns you.
You hit something but do no damage. You barely miss something.
You hear some strange, mumbled words.
You feel yourself slow down.
You feel much better. Something barely misses you. Something hits you!!
Something burns you!
You feel much better. Something closely misses you.
You hit something. Something hits you! Something burns you.
You completely miss something. Something hits you!
* * * LOW HITPOINT WARNING * * *
Something burns you.
* * * LOW HITPOINT WARNING * * *
Something hits you!
* * * LOW HITPOINT WARNING * * *
Something burns you.
* * * LOW HITPOINT WARNING * * *
You hit something but do no damage.
Your transformation is almost over.
Something hits you!
You die...

#.. ....... .⌠.
....... ... .......
#.# ..!.... #.#
..... # ##.##
#####...
...###...###...#O#
..⌠....._.....⌠.b{#
..###...###...#/#
########.## #####.#
.......#.# .#
......##.## .#
......#...# ..
......#.⌠.# .#
#######††.# .#
......##.##
.>.......#
.........#


You could see a friendly ogre (summoned, berserk).

Vanquished Creatures
  A quicksilver ooze (D:10)
  Josephine (D:10)
  A centaur warrior (D:10)
  2 two-headed ogres (D:10)
  Pikel (D:8)
  An ugly thing (D:10)
  3 hornets
  A wyvern (D:8)
  14 yaks
  Grum (D:8)
  5 wraiths (D:10)
  A steam dragon (D:9)
  Menkaure (D:5)
  2 orc warriors
  A black bear (D:7)
  2 sky beasts
  2 ice beasts (D:6)
  2 ogres
  3 wolves (D:8)
  A centaur (D:8)
  2 lemures (D:8)
  5 kobold brigands
  A gnoll sergeant (D:8)
  5 bullfrogs
  8 scorpions
  A wyvern skeleton (D:7)
  A water moccasin skeleton (D:4)
  9 wights
  6 electric eels (D:6)
  3 howler monkeys (D:7)
  A bullfrog zombie (D:7)
  2 jellies
  A bullfrog skeleton (D:5)
  2 centaur skeletons (D:7)
  2 gnoll shamans
  A hound (D:4)
  2 iguanas (D:5)
  Jessica (D:2)
  Natasha (thrice) (D:3)
  Terence (D:2)
  3 orc wizards
  2 killer bee zombies
  3 howler monkey zombies
  A howler monkey skeleton (D:5)
  16 gnolls
  5 adders
  A shadow imp (D:7)
  A white imp (D:5)
  6 worms
  A dart slug (D:1)
  13 orcs
  10 ball pythons
  6 bats
  3 endoplasms
  13 giant cockroaches
  8 goblins
  4 hobgoblins
  4 jackals (D:4)
  28 kobolds
  9 quokkas
  12 frilled lizards
  4 rats
256 creatures vanquished.

Vanquished Creatures (collateral kills)
  A hydra (D:11)
  A cyclops (D:11)
  A troll (D:11)
3 creatures vanquished.

Vanquished Creatures (others)
  30 plants (D:6)
30 creatures vanquished.

Grand Total: 289 creatures vanquished

Notes
Turn   | Place    | Note
-------+----------+-------------------------------------------
     0 | D:1      | Melian the Minotaur Berserker began the quest for the Orb.
     0 | D:1      | Reached XP level 1. HP: 19/19 MP: 0/0
   276 | D:1      | Reached XP level 2. HP: 27/27 MP: 1/1
   606 | D:1      | Found a faded altar of an unknown god.
  1035 | D:2      | Reached ** piety under Trog
  1036 | D:2      | Reached XP level 3. HP: 33/33 MP: 2/2
  1075 | D:2      | Noticed Terence
  1083 | D:2      | Killed Terence
  1155 | D:2      | Reached XP level 4. HP: 31/41 MP: 3/3
  1271 | D:2      | Found a shimmering altar of Xom.
  1273 | D:2      | Noticed Jessica
  1276 | D:2      | Killed Jessica
  1277 | D:2      | Reached skill level 5 in Fighting
  1277 | D:2      | Reached skill level 5 in Axes
  1961 | D:3      | Gained mutation: You are partially covered in large bone
                  | plates. (SH +4) [potion of mutation]
  1961 | D:3      | Gained mutation: You possess an exceptional clarity of
                  | mind. [potion of mutation]
  1965 | D:3      | Noticed Natasha
  1975 | D:3      | Killed Natasha
  1976 | D:3      | Reached XP level 5. HP: 48/48 MP: 4/4
  2365 | D:3      | Found a glowing drain.
  2394 | Sewer    | Entered a sewer
  2736 | Sewer    | Reached *** piety under Trog
  2894 | Sewer    | Reached XP level 6. HP: 42/58 MP: 5/5
  3273 | D:3      | Noticed Natasha
  3284 | D:3      | Killed Natasha
  3458 | D:3      | Noticed Natasha
  3473 | D:3      | Killed Natasha
  3563 | D:3      | Found Epuyklebe's Antique Weapon Boutique.
  3707 | D:4      | Found Feuxoc's Jewellery Shop.
  3857 | D:4      | Identified the +2 leather armour of Valiance {Fly Regen+}
  3896 | D:4      | Reached XP level 7. HP: 52/66 MP: 6/6
  4539 | D:5      | Entered Level 5 of the Dungeon
  4539 | D:5      | Found Adwucw's Antique Armour Shoppe.
  4659 | D:5      | Noticed Menkaure
  4675 | D:5      | Killed Menkaure
  4779 | D:5      | Found an opulent altar of Gozag.
  5010 | D:5      | Reached XP level 8. HP: 75/75 MP: 7/7
  5073 | D:5      | Found a white marble altar of Elyvilon.
  5154 | D:5      | Found a staircase to the Ecumenical Temple.
  5457 | Temple   | Entered the Ecumenical Temple
  5676 | D:6      | Reached **** piety under Trog
  5793 | D:6      | Found an ancient bone altar of Kikubaaqudgha.
  6173 | D:6      | HP: 3/79 [electric eel/bolt of electricity (5)]
  6259 | D:6      | Reached skill level 10 in Fighting
  6301 | D:6      | Reached skill level 10 in Axes
  6887 | D:7      | Reached XP level 9. HP: 86/86 MP: 8/8
  7172 | D:7      | Found a bloodstained altar of Trog.
  7474 | D:7      | Found a snail-covered altar of Cheibriados.
  7505 | D:7      | Found an iron altar of Okawaru.
  7852 | D:8      | Paralysed by a hornet for 2 turns
  7856 | D:8      | Reached XP level 10. HP: 64/99 MP: 9/9
  7973 | D:8      | Found a large runed translucent door.
  7974 | D:8      | Found a large runed translucent door.
  8028 | D:8      | Noticed Grum
  8077 | D:8      | Killed Grum
  8405 | D:8      | Noticed Pikel
  8413 | D:8      | Killed Pikel
  8561 | D:8      | Reached ***** piety under Trog
  8618 | D:8      | Found a hazy altar of Hepliaklqana.
  8621 | D:8      | Found a sparkling altar of Nemelex Xobeh.
  9123 | D:9      | Found a stormy altar of Qazlal.
  9124 | D:9      | Found a shadowy altar of Dithmenos.
  9374 | D:9      | Found an ornate altar of the Wu Jian Council.
 10103 | D:10     | Entered Level 10 of the Dungeon
 10156 | D:10     | Noticed a two-headed ogre
 10162 | D:10     | Killed a two-headed ogre
 10347 | D:10     | Noticed Josephine
 10361 | D:10     | Killed Josephine
 10362 | D:10     | Reached XP level 11. HP: 111/111 MP: 10/10
 10488 | D:10     | Noticed an oklob plant
 10551 | D:10     | Noticed a centaur warrior
 10559 | D:10     | Killed a centaur warrior
 10560 | D:10     | Reached skill level 15 in Fighting
 10560 | D:10     | Reached skill level 15 in Axes
 10657 | D:10     | Noticed an eight-headed hydra
 10661 | D:10     | Noticed a quicksilver ooze
 10661 | D:10     | an eight-headed hydra changed into a quicksilver ooze
 10666 | D:10     | Killed a quicksilver ooze
 10929 | D:10     | Noticed a white ugly thing
 10937 | D:10     | Killed a white ugly thing
 11287 | D:10     | Noticed a two-headed ogre
 11294 | D:10     | Killed a two-headed ogre
 11419 | D:10     | Found a glowing golden altar of the Shining One.
 11626 | D:10     | Found a staircase to the Lair.
 11630 | D:10     | Noticed an oklob plant
 11658 | D:11     | Noticed a five-headed hydra
 11736 | D:11     | Killed an eight-headed hydra
 11798 | D:11     | Found a white marble altar of Elyvilon.
 11867 | D:11     | Noticed Erica
 11895 | D:11     | Slain by Erica

Illustrated notes

Levels and vault maps discovered:
D:1:      amcnicky_arrival_underground_garden, layout_loops_ring,
          ebering_ecumenical_altar_webs
D:2:      layout_loops_ring, basic_altar, uniq_terence, uniq_jessica
D:3:      layout_basic, gup_sewer_entry_pipe, serial_shops, shop,
          minmay_misc_feat_five, st_stairs_6, fountainhead, uniq_natasha
D:4:      layout_loops_ring, minmay_shop_enchanted_jewellery,
          hangedman_abyss_or_decor_lesser_grid, minmay_cut_off
D:5:      layout_loops_ring, mainiacjoe_overflow_six_doors_small,
          overflow_temple_1_default, lemuel_temple_firewalk_b, serial_shops,
          nicolae_shop_stone, uniq_menkaure
D:6:      layout_loops_ring, nicolae_kikubaaqudgha_miasma_corner, serial_bayou,
          serial_bayou_lake_a, serial_bayou_pond_d, serial_bayou_ford_a,
          serial_bayou_crossing, serial_bayou_pond_c, serial_bayou_pond_a
D:7:      layout_loops_ring, mainiacjoe_overflow_two_lobes, trog_butcher_becter,
          grunt_ministairs_7
D:8:      layout_loops_ring, jmf_multi_god_temple2, kennysheep_minor_cross,
          abandoned_shop, uniq_grum, uniq_pikel
D:9:      layout_basic, chequers_temple_overflow_statue_of_worship
D:10:     layout_cave_pods, tso_metal_star, dpeg_oklobed_lair, wad_mini_maze,
          uniq_josephine
D:11:     layout_irregular_city, nicolae_trove_entry_columns,
          ebering_ghost_disaster_area, elyvilon_altar_1, uniq_nergalle,
          uniq_erica, uniq_maurice
Temple:   zaba_magenta_temple

Skill      XL: |  1  2  3  4  5  6  7  8  9 10 11 |
---------------+----------------------------------+-----
Axes           | 4 5 6 7 8 10 12 14 16 | 16.0
Fighting       | 4 5 6 7 8 10 12 14 16 | 16.0
Armour         | |  2.7
Dodging        | |  2.4

Action                   |  1- 3 |  4- 6 |  7- 9 | 10-12 || total
-------------------------+-------+-------+-------+-------++-------
Melee: Hand axe          |    45 |   184 |   243 |       ||   472
       Headbutt          |     7 |    18 |    52 |    34 ||   111
       Punch             |     1 |       |     4 |       ||     5
       War axe           |       |       |    44 |    61 ||   105
       Battleaxe         |       |       |       |   132 ||   132
       Unarmed           |       |       |       |    27 ||    27
Invok: Berserk           |     1 |     4 |     6 |     6 ||    17
       Brothers in Arms  |       |       |       |     2 ||     2
Evoke: Wand              |       |       |       |     2 ||     2
  Use: Scroll            |       |     5 |     1 |    12 ||    18
       Potion            |       |     1 |     3 |     3 ||     7
 Stab: Invisible         |       |       |     4 |     1 ||     5
Armor: Animal skin       |     4 |    19 |       |       ||    23
       Leather armour    |       |     8 |    29 |     2 ||    39
       Plate armour      |       |       |       |    34 ||    34
Dodge: Dodged            |    35 |   109 |   150 |   144 ||   438
Block: Other             |       |    27 |    29 |    30 ||    86
       Buckler           |       |       |     4 |    14 ||    18

Table legend: (Time is in decaauts)
 A = Elapsed time spent in this place.
 B = Non-inter-level travel time spent in this place.
 C = Inter-level travel time spent in this place.
 D = Time resting spent in this place.
 E = Time spent auto-exploring this place.
 F = Levels seen in this place.
 G = Mean time per level.
                   A        B        C        D        E       F      G
               +--------+--------+--------+--------+--------+-----+--------+
         Total |  12120 |  11790 |    330 |      0 |   8835 |  13 |  932.3 |
       Dungeon |  11162 |  10850 |    312 |      0 |   8220 |  11 | 1014.7 |
        Temple |     76 |     58 |     18 |      0 |     50 |   1 |   76.0 |
         Sewer |    881 |    881 |      0 |      0 |    564 |   1 |  881.0 |
               +--------+--------+--------+--------+--------+-----+--------+

Top non-repeatable levels by time:
    D:10: 1631 daAuts
     D:9: 1483 daAuts
     D:2: 1075 daAuts
     D:8: 1074 daAuts
     D:6: 1050 daAuts
     D:5: 973 daAuts
     D:3: 930 daAuts
     D:7: 927 daAuts
     D:4: 909 daAuts
     D:1: 906 daAuts
   Sewer: 881 daAuts
    D:11: 199 daAuts
  Temple: 76 daAuts
